 Dungeon Crawl Stone Soup version 0.30-a0-777-ga9a30cbeda (webtiles) character file.

Game seed: 16230522364349997540

1279 kingofthe the Sneak (level 8, -2/46 HPs)
             Began as an Octopode Conjurer on Feb 13, 2023.
             Was a Follower of Sif Muna.
             Slain by an ice beast (12 damage)
             ... on level 5 of the Dungeon on Feb 14, 2023.
             The game lasted 00:18:59 (6869 turns).

kingofthe the Sneak (Octopode Conjurer)             Turns: 6869, Time: 00:19:00

Health: -2/46      AC:  1    Str:  7    XL:     8   Next: 54%
Magic:  7/15       EV: 14    Int: 20    God:    Sif Muna [*.....]
Gold:   170        SH:  0    Dex: 12    Spells: 7/16 levels left

rFire   . . .      SeeInvis .    a - +2 lajatang (speed)
rCold   . . .      Faith    .    (shield currently unavailable)
rNeg    . . .      Spirit   .    (helmet restricted)
rPois   .          Reflect  .    (no amulet)
rElec   .          Harm     .    f - ring of flight
rCorr   .          Rampage  .    (no ring)
Will    .....                    (no ring)
Stlth   ++++                     (no ring)
HPRegen 0.27/turn                (no ring)
MPRegen 0.14/turn                (no ring)
                                 (no ring)
                                 (no ring)

@: flying
A: almost no armour, amphibious, 8 rings, camouflage 1, gelatinous body 1,
(nimble swimmer 1), tentacles
a: Renounce Religion, Channel Magic


You were on level 5 of the Dungeon.
You worshipped Sif Muna.
Sif Muna was aware of your devotion.
You visited 1 branch of the dungeon, and saw 6 of its levels.

You collected 170 gold pieces.

Inventory:

Hand Weapons
 a - a +2 lajatang of speed (weapon)
 b - a +2 mace of holy wrath
 m - a +3 heavy spear
 n - a +2 dagger of draining
Armour
 v - an orb of energy
Magical Staves
 p - a staff of cold
Jewellery
 f - a ring of flight (left tentacle)
Wands
 l - a wand of mindburst (9)
 q - a wand of iceblast (11)
Scrolls
 c - 3 scrolls of identify
 d - 2 scrolls of magic mapping
 k - a scroll of fear
 u - a scroll of fog
 y - a scroll of enchant weapon {unknown}
 z - 4 scrolls of teleportation
Potions
 e - a potion of haste {unknown}
 g - 3 potions of brilliance
 h - 2 potions of magic
 i - a potion of curing {unknown}
 j - 2 potions of flight {unknown}
 o - 2 potions of cancellation {unknown}
 r - a potion of degeneration {unknown}
 s - 2 potions of invisibility
 t - a potion of lignification {unknown}
 w - a potion of heal wounds {unknown}
 x - a potion of attraction {unknown}
 B - 2 potions of mutation


   Skills:
 * Level 5.3 Dodging
 + Level 6.1 Stealth
 + Level 4.9 Spellcasting
 + Level 5.9 Conjurations
 + Level 2.8 Hexes
 + Level 2.3 Ice Magic


You had 7 spell levels left.
You knew the following spells:

 Your Spells              Type           Power      Damage    Failure   Level
a - Magic Dart            Conj           100%       1d8       1%          1
b - Searing Ray           Conj           56%        2d6       1%          2
c - Dazzling Flash        Conj/Hex       44%        N/A       6%          3
d - Hailstorm             Conj/Ice       21%        3d6       6%          3

Your spell library contained the following spells:

 Spells                   Type           Power      Damage    Failure   Level
 Portal Projectile        Hex/Tloc       20%        N/A       19%         3
 Fulminant Prism          Conj/Hex       11%        3d9       19%         4
 Call Canine Familiar     Summ           4%         N/A       34%         3
 Ignite Poison            Fire/Tmut/Pois 4%         N/A       34%         3
 Kindle Blastsparks       Fire/Tloc/Air  8%         2d10      34%         3
 Iskenderun's Mystic Bla  Conj/Tloc      16%        2d5       34%         4
 Sticky Flame             Conj/Fire      16%        2d4       34%         4
 Leda's Liquefaction      Hex/Erth       5%         N/A       54%         4
 Ice Form                 Ice/Tmut       9%         N/A       58%         4
 Freezing Cloud           Conj/Ice/Air   7%         6-21      71%         5
 Simulacrum               Ice/Necr       4%         N/A       100%        6
 Ignition                 Fire           2%         3d3       100%        8


Dungeon Overview and Level Annotations

Branches:
Dungeon (6/15)
 Temple: D:4-7

Altars:
Qazlal
Sif Muna
Uskayaw

Shops:
D:5 :


Innate Abilities, Weirdness & Mutations

You cannot wear most types of armour.
You are amphibious.
You can wear up to eight rings at the same time.
Your skin changes colour to match your surroundings (Stealth+).
Your rubbery body absorbs attacks. (AC +1, EV +1)
((You are camouflaged when in or above water. (Stealth+)))
You have tentacles for arms and can constrict up to eight enemies at once.


Message History

Found a stone staircase leading down and a stone staircase leading up.
There is a stone staircase leading up here.
The magic dart hits the ice beast.
The ice beast is lightly wounded.
The magic dart hits the ice beast.
The ice beast is lightly wounded.
The ice beast hits you. The ice beast freezes you.
You fly upwards.
There is a stone staircase leading down here.
Casting: Magic Dart (safe; 1% risk of failure)
Confirm with . or Enter, or press ? or * to list all spells.
Aiming: Searing Ray (safe; 1% risk of failure)
Press: ? - help, Shift-Dir - straight line, f - ice beast
Aim: an ice beast (lightly wounded, 79% to hit)
The searing ray hits the ice beast!
The ice beast is heavily wounded. (Press . to maintain the ray.)
The ice beast barely misses you.
The searing ray hits the ice beast.
The ice beast is severely wounded.
The ice beast hits you. The ice beast freezes you!
The searing ray misses the ice beast.
The ice beast hits you. The ice beast freezes you!
* * * LOW HITPOINT WARNING * * *
The searing ray hits the ice beast.
The ice beast is severely wounded.
You finish channelling your searing ray.
The ice beast closely misses you.
Casting: Searing Ray (safe; 1% risk of failure)
Confirm with . or Enter, or press ? or * to list all spells.
Aiming: Searing Ray (safe; 1% risk of failure)
Press: ? - help, Shift-Dir - straight line, f/p - ice beast
Aim: an ice beast (severely wounded, 79% to hit)
The searing ray hits the ice beast!
The ice beast is almost dead. (Press . to maintain the ray.)
The ice beast hits you.
* * * LOW HITPOINT WARNING * * *
The ice beast freezes you!
You die...

####### #.####.#
#.# ###.
......#####.# #.#
#.# #.
#####.......#
#.###.# #. #
#.####### #.....#
#. # #.# #.#####
#. # #.## #.# #.
#####..# #.# #.
.......# #Y# #.
##.###.# #@# #.
##.# #.#########.#
###. ##.#
#...........# #...
...# ##########.##
#.## #### #.# #.#
# #.# #.# # #.#
##### #.# ######
#.###...## #.#
.....#
#.##.....#######.#


You could see an ice beast.

Vanquished Creatures
  An ogre (D:5)
  2 phantoms
  A kobold brigand (D:4)
  5 scorpions
  2 necrophages (D:4)
  2 hounds (D:4)
  A jelly (D:5)
  An orc priest (D:5)
  4 iguanas
  An orc wizard (D:5)
  Ijyb (D:5)
  Natasha (D:3)
  4 gnolls
  12 adders
  2 worms
  3 dart slugs
  10 orcs
  8 endoplasms
  3 giant cockroaches
  13 goblins
  9 hobgoblins
  3 jackals (D:1)
  12 kobolds
  4 quokkas
  6 ball pythons
  3 bats
  6 frilled lizards
  8 rats
128 creatures vanquished.

Notes
Turn   | Place    | Note
-------+----------+-------------------------------------------
     0 | D:1      | kingofthe the Octopode Conjurer began the quest for the
                  | Orb.
     0 | D:1      | Reached XP level 1. HP: 11/11 MP: 3/3
   109 | D:1      | Reached XP level 2. HP: 17/17 MP: 1/5
   112 | D:1      | Learned a level 2 spell: Searing Ray
   233 | D:1      | Reached skill level 3 in Stealth
   613 | D:1      | Reached XP level 3. HP: 21/21 MP: 2/6
  1266 | D:2      | Reached XP level 4. HP: 27/27 MP: 4/8
  1960 | D:2      | Reached skill level 4 in Stealth
  1960 | D:2      | Reached XP level 5. HP: 31/31 MP: 4/10
  2727 | D:3      | Noticed an air elemental
  2729 | D:3      | Found a stormy altar of Qazlal.
  2731 | D:3      | Noticed a fire elemental
  2731 | D:3      | Noticed a water elemental
  2758 | D:3      | Noticed Natasha
  2760 | D:3      | Killed Natasha
  2946 | D:3      | Found a faded altar of an unknown god.
  3196 | D:3      | Found a shimmering blue altar of Sif Muna.
  3208 | D:3      | Became a worshipper of Sif Muna the Loreminder
  3374 | D:3      | Learned a level 3 spell: Dazzling Flash
  3493 | D:3      | Reached XP level 6. HP: 36/36 MP: 5/11
  3788 | D:4      | Reached skill level 5 in Conjurations
  3863 | D:3      | Reached skill level 1 in Hexes
  3993 | D:4      | Reached XP level 7. HP: 23/41 MP: 8/13
  4091 | D:4      | Learned a level 3 spell: Hailstorm
  4348 | D:4      | Reached skill level 5 in Stealth
  4555 | D:4      | Reached * piety under Sif Muna
  4567 | D:4      | Reached skill level 1 in Ice Magic
  5157 | D:5      | Entered Level 5 of the Dungeon
  5234 | D:5      | Reached XP level 8. HP: 34/46 MP: 5/14
  5543 | D:4      | Identified a scroll of acquirement
  5543 | D:4      | Acquired a +2 lajatang of speed
  5748 | D:5      | Found a hide-covered altar of Uskayaw.
  6213 | D:5      | Noticed Ijyb
  6222 | D:5      | Killed Ijyb
  6223 | D:5      | Reached skill level 5 in Dodging
  6522 | D:5      | Reached skill level 6 in Stealth
  6606 | D:5      | Found Weirooth's Book Boutique.
  6869 | D:5      | Slain by an ice beast

Illustrated notes

Levels and vault maps discovered:
D:1:      spicycebolla_green_bress_n_ham, layout_basic, minmay_crystal_room
D:2:      layout_loops_ring
D:3:      minmay_diamond_boxcup, layout_loops_ring,
          nicolae_qazlal_style_of_elements, mainiacjoe_overflow_alcove_4,
          shapermc_ecumenical_altar_venn, chequers_serial_rivers_micro_a,
          minmay_cut_off, uniq_natasha
D:4:      layout_basic, minmay_joined_circles
D:5:      layout_loops_ring, mainiacjoe_overflow_concentric_impassable,
          serial_shops, shop, uniq_ijyb
D:6:      layout_rooms, vehumet_crystals, nicolae_overflow_hidden_temple,
          minmay_temple_entry_ruins, uniq_pikel

Skill      XL: |  1  2  3  4  5  6  7  8 |
---------------+-------------------------+-----
Stealth        | 3 4 5 6 |  6.1
Spellcasting   | 3 4 |  4.9
Dodging        | 3 4 5 |  5.3
Conjurations   | 5 |  5.9
Hexes          | 1 2 |  2.8
Ice Magic      | 1 2 |  2.3

Action                     |  1- 3 |  4- 6 |  7- 9 || total
---------------------------+-------+-------+-------++-------
  Melee: Unarmed           |    10 |       |       ||    10
         Tentacles         |     3 |     1 |     1 ||     5
         Constrict         |     2 |     1 |       ||     3
         Dagger            |       |     1 |     8 ||     9
   Cast: Magic Dart        |    58 |    64 |    50 ||   172
         Searing Ray       |     5 |    23 |    34 ||    62
         Hailstorm         |       |       |     5 ||     5
    Use: Scroll            |       |       |    13 ||    13
 Armour: Skin              |       |     2 |     2 ||     4
  Dodge: Dodged            |     5 |    26 |    17 ||    48

Table legend: (Time is in decaauts)
 A = Elapsed time spent in this place.
 B = Non-inter-level travel time spent in this place.
 C = Inter-level travel time spent in this place.
 D = Time resting spent in this place.
 E = Time spent auto-exploring this place.
 F = Levels seen in this place.
 G = Mean time per level.
                   A        B        C        D        E       F      G
               +--------+--------+--------+--------+--------+-----+--------+
         Total |   6874 |   6508 |    366 |   1452 |   4224 |   6 | 1145.7 |
       Dungeon |   6874 |   6508 |    366 |   1452 |   4224 |   6 | 1145.7 |
               +--------+--------+--------+--------+--------+-----+--------+

Top non-repeatable levels by time:
     D:4: 1653 daAuts
     D:1: 1350 daAuts
     D:3: 1346 daAuts
     D:5: 1327 daAuts
     D:2: 1193 daAuts
     D:6: 3 daAuts
